 Seeded DCSS version 0.31-a0-133-gaae73658be (webtiles) character file.

Game seed: 1 (custom seed)

429 Danienth the Poker (level 6, -17/61 HPs)
             Began as a Troll Berserker on June 3, 2023.
             Was a Believer of Trog.
             Demolished by an ogre
             ... wielding a +0 giant club
              (24 damage)
             ... on level 5 of the Dungeon.
             The game lasted 00:14:14 (3682 turns).

Danienth the Poker (Troll Berserker)                Turns: 3682, Time: 00:14:14

Health: -17/61     AC:  4    Str: 26      XL:     6   Next: 66%
Magic:  5/5        EV: 10    Int:  5      God:    Trog [**....]
Gold:   258        SH:  0    Dex:  6 (7)  Spells: 5/5 levels left

rFire   . . .        e - +4 spear
rCold   . . .        (no shield)
rNeg    . . .        b - +0 animal skin
rPois   .            (helmet restricted)
rElec   .            (no cloak)
rCorr   .            (gloves unavailable)
SInv    +            (boots unavailable)
Will    ++...        (no amulet)
Stlth   +            (no ring)
HPRegen 2.10/turn    (no ring)
MPRegen 0.09/turn

%: no passive effects
@: strong-willed, regenerating, invisible
A: large, unfitting armour, claws 3, regeneration 1, shaggy fur 1, tough skin 1,
see invisible, clumsy 1, deterioration 1
a: Renounce Religion, Berserk, Trog's Hand


You were on level 5 of the Dungeon.
You worshipped Trog.
Trog was pleased with you.
You visited 1 branch of the dungeon, and saw 5 of its levels.

You collected 258 gold pieces.

Inventory:

Hand Weapons
 a - a +0 spear
 e - a +4 spear (weapon)
 l - the +1 spear of the Spectre {heavy, rF+ Int+3 Dex-4 SInv}
   (You found it on level 2 of the Dungeon)

   Int:       It affects your intelligence (+3).
   Dex:       It affects your dexterity (-4).
   rF:        It protects you from fire.
   SInv:      It lets you see invisible.
 u - a +1 great sword of distortion
Missiles
 i - 3 poisoned darts (quivered)
Armour
 b - a +0 animal skin (worn)
Jewellery
 s - a ring of protection from fire
Wands
 k - a wand of digging (4)
 r - a wand of acid (9)
Scrolls
 c - a scroll of silence
 d - 2 scrolls of magic mapping {unknown}
 f - a scroll of vulnerability {unknown}
 j - 4 scrolls of identify {unknown}
 t - a scroll of fear {unknown}
Potions
 g - 2 potions of degeneration {unknown}
 h - a potion of ambrosia {unknown}
 m - a potion of invisibility
 n - 2 potions of heal wounds {unknown}
 o - 3 potions of curing {unknown}
 p - a potion of enlightenment {unknown}
 q - a potion of cancellation {unknown}


   Skills:
 * Level 3.5 Fighting
 * Level 4.7 Polearms
 * Level 3.3 Dodging
 * Level 1.2 Stealth


You had 5 spell levels left.
You didn't know any spells.
Your spell library was empty.

Dungeon Overview and Level Annotations

Branches:
Dungeon (5/15)
 Temple: D:4-7

Altars:
Hepliaklqana


Innate Abilities, Weirdness & Mutations

You are too large for most types of armour.
You have claws for hands.
Your natural rate of healing is unusually fast.
You are covered in fur. (AC +1)
You have tough skin. (AC +1)
You have supernaturally acute eyesight. (SInv)
You are clumsy. (Dex -2)
Your body sometimes deteriorates upon taking damage.


Message History

The ufetubus is almost dead.
The ufetubus hits you but does no damage.
The ufetubus barely misses you.
You barely miss the ufetubus. You claw the ufetubus.
You kill the ufetubus!
Trog accepts your kill.
HP restored.
i - 3 poisoned darts (gained 1)
An ogre comes into view. It is wielding a +0 giant club.
The ogre shouts!
You reach to attack!
You hit the ogre.
The ogre is lightly wounded.
You reach to attack!
You barely miss the ogre.
The ogre is lightly wounded.
You hit the ogre.
The ogre is moderately wounded.
The ogre closely misses you.
You hit the ogre.
The ogre is heavily wounded.
You hit the ogre.
The ogre is heavily wounded.
The ogre hits you with a +0 giant club!!
Ouch! That really hurt!
You hear a shout!
You are too injured to fight recklessly!
Your skin crawls.
You feel strong-willed. The ogre misses you.
You hit the ogre.
The ogre is severely wounded.
You puncture the ogre!
The ogre is almost dead.
The ogre hits you with a +0 giant club!!
* * * LOW HITPOINT WARNING * * *
Your skin crawls.
You feel strong-willed.
It was a potion of invisibility.
You fade into invisibility!
The ogre hits you with a +0 giant club!!
You die...

####.#
#.#.#...#.#......##.# #.#
#...)...#.#.#.##.##.# #.#
#.....#.....#.....#.#
#.#####...#...#.###......[#
#...............# ##.######
##.#.##..##...### #.#
#.#.....###..### #.#
#.####......O..# #.#
#.####......@..# #.#
#..............# #.#
#######........# #.#
#...........####.#
#.##........##...#
###.##........##.###
##......#.......#.#
##.#..####..####.#.#
##.###.####..####.#.#


You could see an ogre (unable to see you).

Vanquished Creatures
  An ogre (D:5)
  A scorpion (D:5)
  A howler monkey (D:5)
  2 hounds (D:5)
  Ijyb (D:3)
  An iguana (D:4)
  3 gnolls (D:2)
  An adder (D:2)
  A white imp (D:5)
  An ufetubus (D:5)
  4 worms
  2 dart slugs
  7 orcs
  5 endoplasms
  5 giant cockroaches
  7 goblins
  6 hobgoblins
  5 quokkas
  5 ball pythons
  5 bats
  2 frilled lizards (D:1)
  7 kobolds
  6 rats
79 creatures vanquished.

Notes
Turn   | Place    | Note
-------+----------+-------------------------------------------
     0 | D:1      | Danienth the Troll Berserker began the quest for the Orb.
     0 | D:1      | Reached XP level 1. HP: 22/22 MP: 0/0
   115 | D:1      | Found a faded altar of an unknown god.
   208 | D:1      | Reached XP level 2. HP: 29/29 MP: 1/1
   892 | D:2      | Reached ** piety under Trog
   903 | D:2      | Reached XP level 3. HP: 36/36 MP: 2/2
  1185 | D:2      | Reached skill level 3 in Polearms
  1444 | D:2      | Reached XP level 4. HP: 25/45 MP: 3/3
  1558 | D:2      | Identified the +1 spear of the Spectre {heavy, rF+ Int+3
                  | Dex-4 SInv}
  2262 | D:3      | Gained mutation: Your spells are a little easier to cast,
                  | but a little less powerful. [potion of mutation]
  2262 | D:3      | Gained mutation: You have hidden genetic defects. [potion
                  | of mutation]
  2262 | D:3      | Gained mutation: You expend magic power (3 MP) to
                  | strengthen your wands. [potion of mutation]
  2263 | D:3      | Lost mutation: You expend magic power (3 MP) to strengthen
                  | your wands. [potion of mutation]
  2263 | D:3      | Lost mutation: You have hidden genetic defects. [potion of
                  | mutation]
  2263 | D:3      | Lost mutation: Your spells are a little easier to cast, but
                  | a little less powerful. [potion of mutation]
  2263 | D:3      | Gained mutation: Your body sometimes deteriorates upon
                  | taking damage. [potion of mutation]
  2263 | D:3      | Gained mutation: You are clumsy. (Dex -2) [potion of
                  | mutation]
  2263 | D:3      | Gained mutation: You have supernaturally acute eyesight.
                  | (SInv) [potion of mutation]
  2624 | D:3      | Noticed Ijyb
  2652 | D:3      | Killed Ijyb
  2653 | D:3      | Reached XP level 5. HP: 38/53 MP: 4/4
  2866 | D:4      | Found a hazy altar of Hepliaklqana.
  3238 | D:4      | Reached skill level 4 in Polearms
  3353 | D:5      | Entered Level 5 of the Dungeon
  3373 | D:5      | Reached skill level 1 in Stealth
  3383 | D:5      | Reached *** piety under Trog
  3390 | D:5      | Reached XP level 6. HP: 61/61 MP: 5/5
  3680 | D:5      | HP: 3/61 [ogre/+0 giant club (30)]
  3682 | D:5      | Demolished by an ogre

Illustrated notes

Levels and vault maps discovered:
D:1:      dpeg_arrival_snail, layout_loops_ring, nicolae_ecumenical_lake_church,
          amethyst_killhole
D:2:      layout_basic, nrook_mini_backslash, supply_closet_lemuel
D:3:      cheibrodos_old_hovel, layout_loops_cross, minmay_misc_feat_doors,
          minmay_ruptured, uniq_ijyb
D:4:      layout_basic, mainiacjoe_overflow_brackets
D:5:      layout_loops_cross, serial_shops, nicolae_shop_crystal

Skill      XL: |  1  2  3  4  5 |
---------------+----------------+-----
Polearms       | 3 4 |  4.7
Fighting       | 3 |  3.5
Dodging        | 3 |  3.3
Stealth        | 1 |  1.2

Action                     |  1- 3 |  4- 6 || total
---------------------------+-------+-------++-------
  Melee: Spear             |    86 |   175 ||   261
         Punch             |       |     2 ||     2
  Throw: Dart              |       |     1 ||     1
 Invoke: Berserk           |       |     3 ||     3
         Trog's Hand       |       |     2 ||     2
    Use: Potion            |       |     3 ||     3
         Scroll            |       |     1 ||     1
   Stab: Sleeping          |     3 |     3 ||     6
 Armour: Animal skin       |    12 |    35 ||    47
  Dodge: Dodged            |    25 |    88 ||   113

Table legend: (Time is in decaauts)
 A = Elapsed time spent in this place.
 B = Non-inter-level travel time spent in this place.
 C = Inter-level travel time spent in this place.
 D = Time resting spent in this place.
 E = Time spent auto-exploring this place.
 F = Levels seen in this place.
 G = Mean time per level.
                   A        B        C        D        E       F      G
               +--------+--------+--------+--------+--------+-----+--------+
         Total |   3684 |   3442 |    242 |    304 |   2623 |   5 |  736.8 |
       Dungeon |   3684 |   3442 |    242 |    304 |   2623 |   5 |  736.8 |
               +--------+--------+--------+--------+--------+-----+--------+

Top non-repeatable levels by time:
     D:2: 996 daAuts
     D:3: 903 daAuts
     D:1: 888 daAuts
     D:4: 563 daAuts
     D:5: 332 daAuts
